 Dungeon Crawl Stone Soup version 0.20.2-3-g29329e0561 (webtiles) character file.

3091 Alfie the Archer (level 9, -1/73 HPs)
             Began as a Minotaur Hunter on May 6, 2020.
             Slain by a wight
             ... wielding a +3 halberd
              (4 damage)
             ... on level 8 of the Dungeon.
             The game lasted 00:21:10 (5818 turns).

Alfie the Archer (Minotaur Hunter)                  Turns: 5818, Time: 00:21:11

Health: -1/73      AC:  8    Str: 23    XL:     9   Next: 59%
Magic:  0/8        EV: 13    Int:  8    God:
Gold:   451        SH:  0    Dex: 12    Spells: 8/8 levels left

rFire    + . .     SeeInvis +   a - +1 shortbow
rCold    + . .     Gourm    .   (shield currently unavailable)
rNeg     . . .     Faith    .   c - +2 leather armour
rPois    +         Spirit   +   (helmet restricted)
rElec    +         Reflect  .   y - +1 cloak
rCorr    +         Harm     .   (no gloves)
MR       .....                  (no boots)
Stlth    +.........             F - amulet of guardian spirit
Regen    0.3/turn               C - ring of see invisible
MPRegen  0.2/turn               (no ring)

@: resistant (expiring), drained
A: retaliatory headbutt, horns 2, rugged brown scales 1, frail 1, strong 2
a: no special abilities


You were on level 8 of the Dungeon.
You were not hungry.

You visited 1 branch of the dungeon, and saw 8 of its levels.
You also visited: Sewer.

You collected 451 gold pieces.

Inventory:

Hand Weapons
 a - a +1 shortbow (weapon)
 b - a +1 short sword
Missiles
 d - 103 arrows (quivered)
 m - 13 tomahawks
Armour
 c - a +2 leather armour (worn)
 y - a +1 cloak (worn)
Jewellery
 C - a ring of see invisible (left hand)
 F - an amulet of guardian spirit (around neck)
Wands
 l - a wand of confusion (17/48)
Scrolls
 e - 4 scrolls of fog
 g - a scroll of blinking
 h - 2 scrolls of magic mapping
 j - 2 scrolls of remove curse
 n - 2 scrolls of teleportation
 o - 2 scrolls of identify
 u - a scroll of recharging
 D - a scroll of amnesia
Potions
 k - a potion of berserk rage {unknown}
 p - a potion of ambrosia
 q - a potion of degeneration {unknown}
 r - a potion of curing
 s - a potion of agility {unknown}
 t - a potion of haste {unknown}
 v - 2 potions of heal wounds {unknown}
 w - 2 potions of flight
 z - a potion of resistance
 E - a potion of brilliance {unknown}
Comestibles
 f - 3 bread rations
 i - 6 meat rations
 A - 2 royal jellies


   Skills:
 + Level 7.4(7.1) Fighting
 + Level 2.5(2.2) Short Blades
 + Level 12.0(11.6) Bows
 + Level 0.4(0.1) Throwing
 + Level 4.7(4.4) Armour
 + Level 3.6(3.3) Dodging
 + Level 1.7(1.5) Stealth


You had 8 spell levels left.
You didn't know any spells.

Dungeon Overview and Level Annotations

Branches:
Dungeon (8/15)             Temple (0/1) D:4
   Lair: D:8-11

Altars:
Makhleb
Qazlal

Shops:
D:8 *

Annotations:
D:2 Natasha


Innate Abilities, Weirdness & Mutations

You reflexively headbutt those who attack you in melee.
You have a pair of horns on your head.
You are partially covered in rugged brown scales. (AC +1, +3% HP)
You are frail. (-10% HP)
Your muscles are very strong. (Str +4)


Message History

The wight misses you.
Firing (i - inventory. (,) - cycle):
d - 106 arrows (quivered)
Press: ? - help, Shift-Dir - straight line, f/p - wight
Aim: a wight, wielding an enchanted halberd and wearing a robe (moderately damaged)
You shoot an arrow. The arrow barely misses the wight.
The arrow closely misses the wight.
The wight hits you but does no damage.
Firing (i - inventory. (,) - cycle):
d - 105 arrows (quivered)
Press: ? - help, Shift-Dir - straight line, f/p - wight
Aim: a wight, wielding an enchanted halberd and wearing a robe (moderately damaged)
You shoot an arrow.
The arrow hits the wight but does no damage.
The wight is moderately damaged.
Firing (i - inventory. (,) - cycle):
d - 104 arrows (quivered)
Press: ? - help, Shift-Dir - straight line, f/p - wight
Aim: a wight, wielding an enchanted halberd and wearing a robe (moderately damaged)
You shoot an arrow. The arrow hits the wight!
The wight is severely damaged.
You start to feel less resistant.
The wight hits you from afar with an enchanted halberd.
You die...

############ #.?...........#
+.............#
#..........<..#
#.............#
#.............########
#........((..zz)@.†..#
#.......8..(..######.###
#∩.....((.....###......###
#......(......#P...PP..P.##
..§.§...............P.....#
#O§§n...........PP...P.P..##
..
§§###########.P.PP..P.P.P..#
... § #.PP..#+##P..PP#..#
..... #..P..#..#


You could see 2 wights.

Vanquished Creatures
  Prince Ribbit (D:8)
  2 hungry ghosts (D:7)
  A water moccasin (D:7)
  A porcupine (D:8)
  An ice beast (D:5)
  An orc warrior (D:7)
  3 black bears
  An ogre (D:6)
  A crocodile (D:8)
  3 centaurs
  A big kobold (Sewer)
  6 bullfrogs
  3 scorpions
  A wight (D:8)
  2 howler monkeys
  A crimson imp (D:5)
  3 hounds
  An orc priest (D:5)
  A bullfrog skeleton (D:7)
  4 worker ants
  3 iguanas
  Natasha (twice) (D:2)
  6 orc wizards
  A hound skeleton (D:7)
  A worker ant zombie (D:5)
  3 gnolls (D:3)
  A howler monkey skeleton (D:6)
  9 adders
  3 river rats
  An ooze (D:5)
  2 adder skeletons
  2 worms
  A dart slug (D:1)
  4 leopard geckos
  11 orcs
  11 bats
  3 giant cockroaches
  8 goblins
  7 hobgoblins
  8 jackals
  13 kobolds
  3 quokkas
  2 ball pythons
  2 frilled lizards
  A leopard gecko skeleton (D:7)
  6 rats
152 creatures vanquished.

Vanquished Creatures (others)
  A fungus (D:8)
  2 plants (D:8)
3 creatures vanquished.

Grand Total: 155 creatures vanquished

Notes
Turn   | Place    | Note
-------+----------+-------------------------------------------
     0 | D:1      | Alfie the Minotaur Hunter began the quest for the Orb.
     0 | D:1      | Reached XP level 1. HP: 18/18 MP: 0/0
   156 | D:1      | Reached XP level 2. HP: 25/25 MP: 1/1
   354 | D:1      | Reached skill level 5 in Bows
   554 | D:1      | Reached XP level 3. HP: 29/30 MP: 2/2
  1016 | D:2      | Noticed Natasha
  1023 | D:2      | Killed Natasha
  1023 | D:2      | Reached XP level 4. HP: 25/39 MP: 3/3
  1316 | D:2      | Noticed Natasha
  1320 | D:2      | Killed Natasha
  1320 | D:2      | Reached skill level 6 in Bows
  1481 | D:2      | Noticed Natasha
  1496 | D:3      | Reached skill level 1 in Stealth
  1506 | D:3      | Gained mutation: You are frail. (-10% HP) [potion of mutation]
  1506 | D:3      | Gained mutation: Your muscles are strong. (Str +2) [potion of mutation]
  1506 | D:3      | Gained mutation: You are partially covered in rugged brown scales. (AC +1, +3% HP) [potion of mutation]
  1506 | D:3      | Gained mutation: Your muscles are very strong. (Str +4) [potion of mutation]
  1608 | D:3      | Reached XP level 5. HP: 40/42 MP: 4/4
  2051 | D:3      | Reached skill level 7 in Bows
  2210 | D:3      | Reached XP level 6. HP: 38/48 MP: 5/5
  2321 | D:4      | Reached skill level 1 in Armour
  2365 | D:4      | Found a burning altar of Makhleb.
  2552 | D:4      | Found a staircase to the Ecumenical Temple.
  2720 | D:5      | Entered Level 5 of the Dungeon
  2823 | D:5      | Noticed an ice beast
  2833 | D:5      | Killed an ice beast
  2833 | D:5      | Reached skill level 5 in Fighting
  2833 | D:5      | Reached XP level 7. HP: 33/56 MP: 6/6
  2871 | D:5      | Reached skill level 8 in Bows
  2991 | D:5      | Found a stormy altar of Qazlal.
  3639 | D:6      | Found a glowing drain.
  3644 | Sewer    | Entered a sewer
  3747 | Sewer    | Found a white marble altar of Elyvilon.
  3977 | D:6      | Reached skill level 9 in Bows
  4058 | D:6      | Reached XP level 8. HP: 54/63 MP: 7/7
  4463 | D:7      | Reached skill level 10 in Bows
  4890 | D:7      | Reached skill level 1 in Short Blades
  5057 | D:7      | Reached skill level 11 in Bows
  5057 | D:7      | Reached XP level 9. HP: 72/72 MP: 8/8
  5692 | D:8      | Noticed Prince Ribbit
  5762 | D:8      | Killed Prince Ribbit
  5787 | D:8      | Found Bagof's General Store.
  5795 | D:8      | Noticed a two-headed ogre
  5809 | D:8      | Reached skill level 12 in Bows
  5811 | D:8      | HP: 3/73 [wight/enchanted halberd (4)]
  5818 | D:8      | Slain by a wight

Skill      XL: |  1  2  3  4  5  6  7  8  9 |
---------------+----------------------------+-----
Bows           | 5 6 7 9 11 12 | 12.0
Fighting       | 3 4 5 6 7 |  7.4
Stealth        | 1 |  1.7
Armour         | 2 3 4 |  4.7
Dodging        | 3 |  3.6
Short Blades   | 1 2 |  2.5
Throwing       | |  0.4

Action                   |  1- 3 |  4- 6 |  7- 9 || total
-------------------------+-------+-------+-------++-------
Melee: Short sword       |       |    10 |    66 ||    76
       Headbutt          |       |     2 |     9 ||    11
 Fire: Shortbow          |   100 |   143 |   266 ||   509
Throw: Tomahawk          |       |     5 |       ||     5
  Use: Scroll            |     4 |     9 |     6 ||    19
       Potion            |       |     4 |     3 ||     7
  Eat: Royal jelly       |       |     1 |     1 ||     2
       Bread ration      |       |     1 |     2 ||     3
       Meat ration       |       |       |     1 ||     1
       Fruit             |       |       |     1 ||     1
Armor: Leather armour    |    16 |    18 |    47 ||    81
Dodge: Dodged            |    18 |    34 |   104 ||   156
